 Dungeon Crawl Stone Soup version 0.22.1-2-g9c5b331383 (webtiles) character file.

4838 Gargoyl the Chopper (level 10, -2/82 (83) HPs)
             Began as a Centaur Abyssal Knight on Jan 2, 2019.
             Was an Elder of Lugonu.
             Killed by divine providence
             ... invoked by an orc priest
              (12 damage)
             ... on level 10 of the Dungeon.
             The game lasted 00:16:27 (11497 turns).

Gargoyl the Chopper (Centaur Abyssal Knight)       Turns: 11497, Time: 00:16:27

HP:   -2/82 (83)    AC: 14    Str: 16    XL:     10   Next: 25%
MP:   15/15         EV: 10    Int: 11    God:    Lugonu [****..]
Gold: 162           SH: 13    Dex: 11    Spells: 9/9 levels left

rFire    + . .     SeeInvis .   z - +2 war axe (elec)
rCold    + . .     Gourm    .   m - +0 large shield
rNeg     . . .     Faith    .   g - +2 robe
rPois    .         Spirit   .   H - +1 helmet
rElec    .         Reflect  .   v - +0 cloak
rCorr    .         Harm     .   p - +1 pair of gloves
MR       .....                  (no barding)
Stlth    +.........             (no amulet)
HPRegen  0.23/turn              e - +3 ring of evasion
MPRegen  0.14/turn              B - ring of protection from cold

@: very quick
A: large, hooves 3, molten scales 1, deformed body, fire resistance 1, speed 2,
tough skin 3
a: Depart the Abyss, Bend Space, Banish, Corrupt, Renounce Religion


You were on level 10 of the Dungeon.
You worshipped Lugonu.
Lugonu was greatly pleased with you.
You were very hungry.

You visited 1 branch of the dungeon, and saw 10 of its levels.
You visited the Abyss 1 time.
You also visited: Bailey.

You collected 611 gold pieces.
You spent 449 gold pieces at shops.

Inventory:

Hand Weapons
 a - a +3 hand axe
 z - a +2 war axe of electrocution (weapon)
Missiles
 q - 14 javelins (quivered)
Armour
 g - a +2 robe (worn)
 m - a +0 large shield (worn)
 p - a +1 pair of gloves (worn)
 v - a +0 cloak (worn)
 H - a +1 helmet (worn)
Jewellery
 e - a +3 ring of evasion (left hand)
 B - a ring of protection from cold (right hand)
Wands
 f - a wand of acid (12)
 h - a wand of iceblast (9)
 t - a wand of flame (19)
 u - a wand of disintegration (8)
 C - a wand of paralysis (10)
 F - a wand of random effects (33)
Scrolls
 k - 5 scrolls of identify
 l - 10 scrolls of teleportation
 y - 3 scrolls of remove curse
 A - a scroll of silence
 D - a scroll of amnesia
 E - a scroll of vulnerability {unknown}
 G - a scroll of fog
Potions
 b - 3 potions of agility
 d - 5 potions of curing
 i - a potion of invisibility {unknown}
 j - a potion of might {unknown}
 n - a potion of lignification {unknown}
 o - 2 potions of haste
 r - 2 potions of flight {unknown}
 s - a potion of ambrosia {unknown}
 w - a potion of brilliance {unknown}
 x - 3 potions of berserk rage {unknown}
Comestibles
 c - 18 rations


   Skills:
 + Level 5.8 Fighting
 + Level 7.3 Axes
   Level 0.6(4.5) Polearms
 + Level 1.7 Throwing
 * Level 5.0 Armour
 + Level 3.8 Dodging
 + Level 4.1 Shields
 * Level 7.2 Invocations


You had 9 spell levels left.
You didn't know any spells.
Your spell library contained the following spells:

 Spells                   Type           Power        Failure   Level  Hunger
 Magic Dart               Conj           #...         98%         1    ##.....
 Blink                    Tloc           N/A          99%         2    ###....
 Call Imp                 Summ           #.......     99%         2    ###....
 Slow                     Hex            #.......     99%         2    ###....
 Conjure Flame            Conj/Fire      #.......     100%        3    ####...
 Mephitic Cloud           Conj/Pois/Air  #.......     100%        3    ####...


Dungeon Overview and Level Annotations

Branches:
Dungeon (10/15)            Temple (0/1) D:7
   Lair: D:8-11         Orc: D:9-12

Altars:
Gozag

Shops:
D:4 *=?   D:5 (   D:6 ?   D:7 ?


Innate Abilities, Weirdness & Mutations

You have hooves in place of feet.
Armour fits poorly on your strangely shaped body.
You cover ground very quickly.
You have extremely tough skin. (AC +3)
You are partially covered in molten scales. (AC +2)
Your flesh is heat resistant. (rF+)


Message History

You closely miss the orc warrior. You miss the hungry ghost.
Your shield prevents you from hitting the phantom.
The phantom hits you but does no damage.
You block the hungry ghost's attack.
The phantom hits you but does no damage.
You barely miss the orc priest. You hit the phantom. You hit the orc warrior.
Lightning courses through the orc warrior!
You miss the hungry ghost. You block the hungry ghost's attack.
The orc warrior hits you with a battleaxe!
The orc priest closely misses you. The phantom hits you!
* * * LOW HITPOINT WARNING * * *
Unknown command.
The phantom blinks!
The orc priest mumbles some strange prayers to Beogh against you.
Beogh smites you!
* * * LOW HITPOINT WARNING * * *
There is a stone staircase leading up here.
The orc priest invokes the aid of Beogh against you.
Beogh smites you!
You die...

#..o.......#
##..o.######
#.#.## #W#.#
###.#W####
##....o...#
###.........#
............#
.......@....#
............#
....#########
.###


You could see a phantom, a hungry ghost, an orc warrior and an orc priest.

Vanquished Creatures
  Pikel (D:5)
  A deep elf mage (Bailey)
  A hippogriff (D:9)
  3 yaks
  A wyvern (D:8)
  A hungry ghost (D:9)
  A warg (D:10)
  2 orc warriors
  A phantom (D:8)
  An ice beast (D:9)
  A necrophage (D:8)
  A sky beast (D:7)
  5 ogres
  4 centaurs
  A crocodile (D:10)
  3 bullfrogs
  A big kobold (D:9)
  An electric eel (D:8)
  5 crimson imps
  6 hounds
  A jelly (D:5)
  2 orc priests (D:9)
  Crazy Yiuf (D:3)
  3 iguanas
  4 orc wizards
  Natasha (D:3)
  Terence (D:3)
  7 worker ants
  2 hound skeletons
  A worker ant zombie (D:5)
  4 gnolls (D:9)
  A howler monkey skeleton (D:9)
  10 adders
  2 shadow imps
  An ooze (D:3)
  An adder zombie (D:6)
  An adder skeleton (D:6)
  2 worms (D:2)
  5 leopard geckos
  30 orcs
  10 bats
  3 giant cockroaches
  3 goblins (D:1)
  10 hobgoblins
  14 jackals
  9 kobolds
  4 quokkas
  A ball python (D:5)
  6 frilled lizards
  7 rats
188 creatures vanquished.

Vanquished Creatures (others)
  An orc warrior (D:6)
  A sky beast (D:7)
  An iguana (D:5)
  An orc wizard (D:5)
  3 orcs (D:5)
7 creatures vanquished.

Grand Total: 195 creatures vanquished

Notes
Turn   | Place    | Note
-------+----------+-------------------------------------------
     0 | Abyss:1  | Gargoyl the Centaur Abyssal Knight began the quest for the
                  | Orb.
     0 | Abyss:1  | Reached XP level 1. HP: 19/19 MP: 2/2
    98 | Abyss:1  | Noticed a smoke demon
   104 | Abyss:1  | Noticed a small abomination
   121 | Abyss:2  | Found a corrupted altar of Lugonu.
   156 | Abyss:2  | Noticed a smoke demon
   168 | Abyss:2  | Noticed a large abomination
   192 | Abyss:2  | Noticed an ancient zyme
   193 | D:1      | Escaped the Abyss
   434 | D:1      | Reached * piety under Lugonu
   580 | D:1      | Reached XP level 2. HP: 26/26 MP: 3/3
   957 | D:1      | Reached XP level 3. HP: 19/31 MP: 4/4
  1352 | D:2      | Reached skill level 1 in Dodging
  1867 | D:2      | Reached XP level 4. HP: 32/39 MP: 5/5
  2117 | D:2      | Found a faded altar of an unknown god.
  2121 | D:2      | Reached ** piety under Lugonu
  2947 | D:3      | Noticed Terence
  2957 | D:3      | Reached XP level 5. HP: 38/46 MP: 7/7
  2962 | D:3      | Killed Terence
  3163 | D:3      | Noticed Natasha
  3168 | D:3      | Killed Natasha
  3363 | D:3      | Found a runed door.
  3561 | D:3      | Noticed Crazy Yiuf
  3569 | D:3      | Killed Crazy Yiuf
  3761 | D:4      | Found Botepefi's Magic Scroll Emporium.
  3777 | D:4      | Reached skill level 1 in Shields
  3788 | D:4      | Reached XP level 6. HP: 12/52 MP: 8/8
  4024 | D:4      | Bought a scroll of teleportation for 39 gold pieces
  4024 | D:4      | Bought a scroll of teleportation for 39 gold pieces
  4024 | D:4      | Bought a scroll of teleportation for 39 gold pieces
  4024 | D:4      | Bought a scroll of enchant armour for 97 gold pieces
  4115 | D:4      | Found Zoibi's Assorted Antiques.
  4143 | D:4      | Gained mutation: You are partially covered in molten
                  | scales. (AC +2) [potion of mutation]
  4143 | D:4      | Gained mutation: You possess an exceptional clarity of
                  | mind. [potion of mutation]
  4143 | D:4      | Lost mutation: You possess an exceptional clarity of mind.
                  | [potion of mutation]
  4143 | D:4      | Gained mutation: Your flesh is heat resistant. (rF+)
                  | [potion of mutation]
  4565 | D:4      | Found Aluon's Jewellery Shoppe.
  4990 | D:5      | Entered Level 5 of the Dungeon
  5024 | D:5      | Noticed a slave
  5025 | D:5      | Noticed Pikel
  5025 | D:5      | Noticed a slave
  5026 | D:5      | Noticed a slave
  5029 | D:5      | Noticed a slave
  5058 | D:5      | Killed Pikel
  5058 | D:5      | Reached XP level 7. HP: 40/59 MP: 8/10
  5180 | D:5      | Reached *** piety under Lugonu
  5387 | D:5      | Found Ritautha's Weapon Boutique.
  5499 | D:5      | Reached XP level 8. HP: 67/67 MP: 11/11
  5519 | D:5      | Got a crystal spear
  5520 | D:5      | Identified the +3 spear "Okiasibi" {protect, +Fly Int+7}
                  | (You found it on level 5 of the Dungeon)
  5681 | D:5      | Reached skill level 5 in Axes
  6051 | D:6      | Found Hacas's Magic Scroll Shoppe.
  7236 | D:7      | Reached skill level 1 in Throwing
  7238 | D:7      | Reached skill level 5 in Invocations
  7374 | D:7      | Found a flagged portal.
  7386 | Bailey   | Entered a bailey
  7395 | Bailey   | Noticed a deep elf mage
  7405 | Bailey   | Killed a deep elf mage
  7405 | Bailey   | Reached XP level 9. HP: 55/73 MP: 11/13
  7490 | Bailey   | Noticed a deep elf mage
  7491 | Bailey   | Noticed a deep elf mage
  7491 | Bailey   | Noticed a deep elf mage
  7492 | Bailey   | Noticed a deep elf mage
  7494 | Bailey   | Noticed a demonic crawler
  7496 | Bailey   | Noticed a jumping spider
  7507 | D:7      | HP: 3/73 [poisoned by a redback]
  7508 | D:7      | HP: 1/73 [poisoned by a redback]
  7818 | D:6      | HP: 1/73 [orc warrior/hand axe (16)]
  8184 | D:7      | Found Wigus's Magic Scroll Emporium.
  8232 | D:5      | Bought a +1 war axe of electrocution for 235 gold pieces
  8916 | D:7      | Found a staircase to the Ecumenical Temple.
  8947 | D:7      | Reached skill level 5 in Fighting
 10124 | D:9      | Found an opulent altar of Gozag.
 10724 | D:9      | Reached XP level 10. HP: 80/80 MP: 15/15
 11447 | D:10     | Entered Level 10 of the Dungeon
 11467 | D:10     | Reached **** piety under Lugonu
 11484 | D:10     | Reached skill level 5 in Armour
 11497 | D:10     | Killed from afar by an orc priest

Skill      XL: |  1  2  3  4  5  6  7  8  9 10 |
---------------+-------------------------------+-----
Axes           | 2 3 4 5 6 7 |  7.3
Dodging        | 1 2 3 |  3.8
Armour         | 2 3 4 5 |  5.0
Invocations    | 3 4 5 6 7 |  7.2
Shields        | 1 2 3 4 |  4.1
Fighting       | 4 5 |  5.8
Throwing       | 1 |  1.7
Polearms       | |  0.6

Action                   |  1- 3 |  4- 6 |  7- 9 | 10-12 || total
-------------------------+-------+-------+-------+-------++-------
Melee: Hand axe          |    84 |   183 |    99 |       ||   366
       Kick              |    13 |    32 |    79 |    13 ||   137
       Spear             |       |       |   101 |       ||   101
       War axe           |       |       |   182 |    67 ||   249
Throw: Javelin           |       |       |    15 |       ||    15
Invok: Depart the Abyss  |     1 |       |       |       ||     1
       Banish            |       |       |     4 |       ||     4
Evoke: Wand              |       |       |     1 |       ||     1
  Use: Scroll            |     6 |     5 |    13 |       ||    24
       Potion            |     1 |     1 |     2 |       ||     4
  Eat: Chunk             |     1 |     8 |    15 |     1 ||    25
       Ration            |       |       |     1 |     1 ||     2
Armor: Leather armour    |     6 |       |       |       ||     6
       Robe              |    24 |    68 |   129 |    36 ||   257
Dodge: Dodged            |    56 |    60 |    94 |    27 ||   237
Block: Large shield      |    13 |   125 |   217 |    57 ||   412
